AoeStats
← Michi3052

Arabia

507870675Analyzed
1v1 RM · 13d ago on Sep 20, 2026· 55m 36s· 2 players
Game mode
Random Map
Map size
Tiny (2 player)
Population
200
Speed
Normal
Resources
Standard
Victory
Conquest
Starting age
Dark Age
Ending age
Imperial Age
RankedLock teamsTeams togetherTeam positionsShared explorationLock speedFull tech treeHidden civsTurbo modeCheats
Victory
Defeat
🇪🇸 Celts · Spain
727
+13
🇦🇷 Spanish · Argentina
652
-13
HuerquenLa
2:28 Loom
10:16 Feudal Age
11:02 Double-Bit Axe
10:59 Horse Collar
11:56 Town Watch
16:18 Man-at-Arms
22:42 Castle Age
21:16 Forging
22:19 Arson
22:40 Scale Mail Armor
22:39 Stone Mining
22:42 Gold Mining
23:36 Squires
24:16 Iron Casting
24:51 Bow Saw
26:43 Fervor
26:48 Husbandry
27:28 Heavy Plow
28:47 Husbandry
31:16 Wheelbarrow
32:25 Bloodlines
32:45 Murder Holes
34:25 Ballistics
36:58 Bloodlines
42:53 Imperial Age
40:45 Hand Cart
40:37 Town Patrol
47:30 Imperial Age
45:53 Fletching
46:11 Scale Barding Armor
49:06 Conscription
50:36 Masonry
51:14 Supremacy
51:02 Guard Tower
54:43 Fortified Wall
Michi3052
9:03 Loom
11:09 Feudal Age
21:51 Castle Age
21:11 Horse Collar
21:26 Gold Mining
24:35 Wheelbarrow
25:30 Scale Mail Armor
31:14 Town Watch
32:27 Hand Cart
32:53 Chain Mail Armor
37:22 Gold Shaft Mining
37:38 Forging
37:45 Heavy Plow
37:40 Stone Mining
38:03 Gambesons
38:04 Arson
44:49 Imperial Age
46:11 Conscription
46:30 Stone Shaft Mining
47:07 Plate Mail Armor
48:01 Furor Celtica
49:20 Iron Casting
48:40 Capped Ram
50:33 Siege Ram
52:37 Masonry
54:39 Elite Woad Raider
Connection lost

Rejoining the realm…

Still unreachable

The connection could not be restored.

Session expired

The server has moved on; the page needs a fresh start.